 Dungeon Crawl Stone Soup version 0.29.1-15-g9cfb28693d (webtiles) character file.

Game seed: 7020541712829148918

3415 javelincjr the Magician (level 9, -4/70 HPs)
             Began as a Demonspawn Hedge Wizard on Apr 25, 2023.
             Was a High Priest of Jiyva.
             Slain by a death yak (23 damage)
             ... on level 8 of the Dungeon.
             The game lasted 00:24:40 (5465 turns).

javelincjr the Magician (Demonspawn Hedge Wizard)   Turns: 5465, Time: 00:24:40

Health: -4/70      AC:  7    Str: 14    XL:     9   Next: 76%
Magic:  19/19      EV: 13    Int: 25    God:    Jiyva [*****.]
Gold:   151        SH:  0    Dex: 12    Spells: 13/21 levels left

rFire   . . .      SeeInvis +   t - +3 quarterstaff (chaos)
rCold   . . .      Faith    .   (shield currently unavailable)
rNeg    . . .      Spirit   .   z - +3 leather armour of Lies {Rampage rPois Int+2 Slay+3}
rPois   +          Reflect  .   c - +0 hat
rElec   +          Harm     .   u - +0 cloak
rCorr   +          Rampage  +   (no gloves)
rMut    +                       (no boots)
Will    +....                   (no amulet)
Stlth   ++........              A - +6 ring of intelligence
HPRegen 1.65/turn               v - ring of willpower
MPRegen 0.61/turn

@: no status effects
A: horns 1, powered by death 1, weakness stinger 1, demonic touch 1, mutation
resistance 3, electricity resistance, eyeballs 3, jelly absorbing missiles
a: Renounce Religion, Oozemancy, Slimify


You were on level 8 of the Dungeon.
You worshipped Jiyva.
Jiyva was extremely pleased with you.
You visited 1 branch of the dungeon, and saw 8 of its levels.

You collected 151 gold pieces.

Inventory:

Hand Weapons
 a - a +0 dagger
 r - a +1 flail of protection
 t - a +3 quarterstaff of chaos (weapon)
 w - a +0 arbalest
 y - a +4 hand axe
 B - a +0 dagger of pain
 F - a +1 halberd of venom
 H - a +1 mace of freezing
 I - a +1 halberd
 J - a +4 hand axe
 L - a +2 short sword of venom
 N - a +1 dagger of draining
Armour
 b - a +0 robe
 c - a +0 hat (worn)
 j - the +1 robe "Laak" {Int+5}
   (You found it on level 2 of the Dungeon)

   Int:       It affects your intelligence (+5).
 u - a +0 cloak (worn)
 z - the +3 leather armour of Lies (worn) {Rampage rPois Int+2 Slay+3}
   (You took it off an orc on level 5 of the Dungeon)

   Int:       It affects your intelligence (+2).
   Slay:      It affects your accuracy & damage with ranged weapons and melee
   (+3).
   rPois:     It protects you from poison.
   Rampage:   It bestows one free step when moving towards enemies.
 G - a scarf of invisibility
Jewellery
 v - a ring of willpower (right hand)
 A - a +6 ring of intelligence (left hand)
Wands
 D - a wand of flame (15)
 K - a wand of charming (10)
Scrolls
 f - a scroll of noise {unknown}
 h - a scroll of silence {unknown}
 k - a scroll of blinking {unknown}
 l - 2 scrolls of teleportation {unknown}
 m - a scroll of fear {unknown}
 n - 3 scrolls of identify {unknown}
 o - a scroll of amnesia {unknown}
 s - a scroll of summoning {unknown}
 E - a scroll of immolation {unknown}
 M - a scroll of enchant weapon {unknown}
Potions
 d - 2 potions of magic
 e - 2 potions of brilliance {unknown}
 g - a potion of might {unknown}
 i - 2 potions of attraction {unknown}
 p - a potion of lignification {unknown}
 q - a potion of curing {unknown}
 x - 2 potions of resistance {unknown}
 C - 2 potions of invisibility {unknown}


   Skills:
 * Level 6.3 Fighting
 + Level 4.0 Armour
 + Level 4.6 Dodging
 - Level 1.7 Stealth
 * Level 6.7 Spellcasting
 + Level 4.5 Conjurations
 + Level 4.6 Summonings
 + Level 4.2 Translocations


You had 13 spell levels left.
You knew the following spells:

 Your Spells              Type           Power      Damage    Failure   Level
a - Magic Dart            Conj           100%       1d8       1%          1
b - Call Imp              Summ           31%        N/A       1%          2
c - Blink                 Tloc           58%        N/A       2%          2
d - Mephitic Cloud        Conj/Pois/Air  16%        N/A       14%         3

Your spell library contained the following spells:

 Spells                   Type           Power      Damage    Failure   Level
 Slow                     Hex            32%        N/A       9%          1
 Conjure Flame            Conj/Fire      19%        6-21      10%         3


Dungeon Overview and Level Annotations

Branches:
Dungeon (8/15)             Temple (0/1) D:5            Lair (0/5) D:8

Altars:
Gozag
Nemelex Xobeh
Okawaru
Ru
Trog
Wu Jian
Jiyva

Shops:
D:1 *


Innate Abilities, Weirdness & Mutations

You have a pair of small horns on your head.
You regenerate a little health from kills.
You have a small tail.
Your touch may inflict minor irresistible damage on your foes.
You are almost entirely resistant to further mutation and mutation removal.
You are resistant to electric shocks. (rElec)
Your body is covered in eyes which may confuse attackers. (Acc +7, SInv)
You have a small jelly attached to you that may absorb projectiles.


Message History

Your shadow imp disappears in a puff of smoke!
Casting: Mephitic Cloud (dangerous; 14% risk of failure)
Confirm with . or Enter, or press ? or * to list all spells.
Aiming: Mephitic Cloud (dangerous; 14% risk of failure)
Press: ? - help, Shift-Dir - straight line, f - death yak
Aim: a death yak (moderately wounded, chance to affect: 34%)
The ball explodes into a vile cloud!
The stinking cloud engulfs the death yak but does no damage.
The death yak is moderately wounded.
The stinking cloud engulfs the quokka but does no damage.
You hear a shout!
You hear a howl!
You hear a shout!
You hear a howl!
The death yak is engulfed in noxious fumes.
The death yak appears confused.
You thump the death yak!
The death yak flickers and vanishes for a moment.
You headbutt the death yak, but do no damage.
The death yak is heavily wounded.
You hit the death yak but do no damage.
The death yak resists with almost no effort.
You headbutt the death yak, but do no damage.
The death yak is heavily wounded.
The death yak gores you!
You shudder from the blow and a jelly pops out!
You sock the death yak! Your headbutt misses the death yak.
The death yak is heavily wounded.
The death yak gores you!
You shudder from the blow and a jelly pops out!
You hear a splatter.
You hit the death yak.
The death yak is poisoned.
Your headbutt misses the death yak.
You tail-slap the death yak, but do no damage.
The death yak is heavily wounded.
The death yak seems less confused.
The death yak gores you!!
* * * LOW HITPOINT WARNING * * *
You shudder from the blow and a jelly pops out!
The death yak gores you but does no damage.
The death yak is engulfed in noxious fumes.
The death yak appears confused.
The death yak attacks as you move away! The death yak gores you!!
You die...

..#...............##
....#..###.>.....##
#...............##
###....#####.#### #
#.......## #.## # ..
#..###...###..###
o.. #J.#
###.....≈≈≈≈ ...Y
#####.J# ##.~~~≈~≈≈
r...§ #YrY@J##
#..~~~≈~~≈
>§.Y§§#.#####
#.#~~≈~~≈≈ .o...r.§#
#.#.~~≈.## ..§....##
#.#.~≈~~~. ......§
#.#.~~≈~.# ......#
....~~~~~. ....##
#~~~≈~~# ###.
.#.~≈~~~# #
...~..~..


You could see 2 death yaks, a quokka, a friendly acid blob (summoned) and 2
friendly rockslimes.

Vanquished Creatures
  Maurice (D:8)
  Joseph (D:7)
  A water moccasin (D:7)
  2 ice beasts (D:5)
  2 orc warriors
  A black bear (D:5)
  An ogre (D:6)
  3 bullfrogs
  2 scorpions
  3 wights (D:7)
  6 killer bees
  A howler monkey (D:7)
  4 orc priests (D:6)
  6 hounds
  Crazy Yiuf (D:5)
  A gnoll bouda (D:7)
  2 iguanas
  6 orc wizards
  10 gnolls
  4 adders
  2 shadow imps
  An ufetubus (D:7)
  2 dart slugs
  13 orcs
  4 goblins
  5 hobgoblins
  4 quokkas
  6 bats
  A frilled lizard (D:1)
  6 kobolds
  2 rats (D:2)
104 creatures vanquished.

Vanquished Creatures (collateral kills)
  A steam dragon (D:8)
  An orc warrior (D:7)
  An ogre (D:4)
  A phantom (D:6)
  A bullfrog (D:7)
  4 wights (D:8)
  A killer bee (D:8)
  A gnoll bouda (D:7)
  An orc wizard (D:5)
  4 gnolls
  2 orcs
18 creatures vanquished.

Vanquished Creatures (others)
  A scorpion (D:4)
  A wight (D:7)
  3 killer bees
  6 jellies
  2 hounds
  An orc priest (D:5)
  An orc wizard (D:6)
  An adder (D:3)
  9 gnolls
  8 orcs
  2 endoplasms (D:4)
  A giant cockroach (D:4)
  A goblin (D:3)
  3 ball pythons
  3 bats (D:2)
  A frilled lizard (D:2)
  An orc zombie (D:6)
  2 rats
  5 demonic plants (D:1)
  A fungus (D:1)
  4 plants (D:1)
  3 withered plants (D:1)
60 creatures vanquished.

Grand Total: 182 creatures vanquished

Notes
Turn   | Place    | Note
-------+----------+-------------------------------------------
     0 | D:1      | javelincjr the Demonspawn Hedge Wizard began the quest for
                  | the Orb.
     0 | D:1      | Reached XP level 1. HP: 13/13 MP: 4/4
   150 | D:1      | Found Jaxus's Assorted Antiques.
   409 | D:1      | Reached skill level 1 in Translocations
   518 | D:1      | Found a faded altar of an unknown god.
   528 | D:1      | Prayed at the altar of an unknown god.
   528 | D:1      | Became a worshipper of Jiyva Jougexed the Shapeless
   528 | D:1      | Reached * piety under Jiyva
   562 | D:1      | Discovered your monstrous ancestry.
   562 | D:1      | Gained mutation: You have a pair of small horns on your
                  | head. [demonic ancestry]
   562 | D:1      | Reached XP level 2. HP: 19/20 MP: 3/6
   657 | D:1      | You fall into a shaft and drop 1 floor!
   783 | D:2      | Identified the +1 robe "Laak" {Int+5}
   937 | D:1      | Reached ** piety under Jiyva
  1248 | D:2      | Reached skill level 1 in Fighting
  1248 | D:2      | Gained mutation: Your touch may inflict minor irresistible
                  | damage on your foes. [demonic ancestry]
  1248 | D:2      | Reached XP level 3. HP: 26/26 MP: 3/7
  1856 | D:3      | Found an ornate altar of the Wu Jian Council.
  1861 | D:3      | Found an iron altar of Okawaru.
  1899 | D:3      | Learned a level 2 spell: Call Imp
  1902 | D:3      | Learned a level 2 spell: Blink
  1925 | D:3      | Reached *** piety under Jiyva
  2112 | D:3      | Reached XP level 4. HP: 28/32 MP: 9/9
  2285 | D:4      | Gained mutation: Your body has grown eyes which may confuse
                  | attackers. (Acc +3) [Jiyva's grace]
  2285 | D:4      | Gained mutation: Your body has grown many eyes which may
                  | confuse attackers. (Acc +5) [Jiyva's grace]
  2285 | D:4      | Gained mutation: Your body is covered in eyes which may
                  | confuse attackers. (Acc +7, SInv) [Jiyva's grace]
  2285 | D:4      | Gained mutation: You have a small jelly attached to you
                  | that may absorb projectiles. [Jiyva's grace]
  2324 | D:4      | Found a sparkling altar of Nemelex Xobeh.
  2330 | D:4      | Noticed an ogre
  2344 | D:4      | Killed an ogre
  2345 | D:4      | Reached skill level 1 in Armour
  2345 | D:4      | Reached XP level 5. HP: 11/38 MP: 2/10
  2466 | D:4      | Gained mutation: You regenerate a little health from kills.
                  | [demonic ancestry]
  2466 | D:4      | Reached XP level 6. HP: 25/46 MP: 11/11
  2839 | D:5      | Entered Level 5 of the Dungeon
  2867 | D:5      | Found a runed translucent door.
  2868 | D:5      | Noticed Crazy Yiuf
  2877 | D:5      | Killed Crazy Yiuf
  2957 | D:5      | Found a staircase to the Ecumenical Temple.
  2974 | D:5      | Reached **** piety under Jiyva
  2994 | D:5      | Reached XP level 7. HP: 52/52 MP: 13/13
  3295 | D:5      | Identified the +3 leather armour of Lies {Rampage rPois
                  | Int+2 Slay+3}
  3547 | D:5      | Found a bloodstained altar of Trog.
  3547 | D:5      | Found a sacrificial altar of Ru.
  3547 | D:5      | Found an opulent altar of Gozag.
  4062 | D:6      | Reached ***** piety under Jiyva
  4105 | D:6      | Learned a level 3 spell: Mephitic Cloud
  4235 | D:6      | Gained mutation: You have a small tail. [demonic ancestry]
  4235 | D:6      | Reached XP level 8. HP: 58/60 MP: 15/15
  4247 | D:6      | Reached skill level 5 in Spellcasting
  4637 | D:7      | Gained mutation: You are resistant to electric shocks.
                  | (rElec) [Jiyva's grace]
  4637 | D:7      | Gained mutation: You are somewhat resistant to further
                  | mutation. [Jiyva's grace]
  4637 | D:7      | Gained mutation: You are somewhat resistant to both further
                  | mutation and mutation removal. [Jiyva's grace]
  4637 | D:7      | Gained mutation: You are almost entirely resistant to
                  | further mutation and mutation removal. [Jiyva's grace]
  4715 | D:7      | Reached skill level 5 in Fighting
  4816 | D:7      | Noticed Joseph
  4826 | D:7      | Killed Joseph
  4827 | D:7      | Reached XP level 9. HP: 46/68 MP: 17/17
  5286 | D:8      | Noticed Maurice
  5298 | D:8      | Killed Maurice
  5446 | D:8      | Noticed a death yak
  5450 | D:8      | Noticed a death yak
  5452 | D:8      | Found a staircase to the Lair.
  5452 | D:8      | Noticed a death yak
  5465 | D:8      | Slain by a death yak

Illustrated notes

Levels and vault maps discovered:
D:1:      dpeg_arrival_stone_temple_mockup, layout_loops_corners,
          shapermc_ecumenical_altar_gd, serial_shops,
          nicolae_shop_overgrown_old_shop
D:2:      layout_basic, minmay_strange_pillars
D:3:      layout_basic, chequers_temple_overflow_statue_of_worship
D:4:      layout_rooms, mainiacjoe_overflow_six_doors_small
D:5:      layout_layer_cave, gammafunk_temple_overflow_claw, temple_statues,
          uniq_crazy_yiuf_cottage
D:6:      layout_rooms, chequers_serial_rivers_small_a
D:7:      layout_basic, uniq_joseph
D:8:      layout_rooms, dpeg_lair_monsters, chequers_serial_rivers_large_a,
          blue_anna_alchemist, uniq_maurice

Skill      XL: |  1  2  3  4  5  6  7  8  9 |
---------------+----------------------------+-----
Translocations | 1 2 3 4 |  4.2
Dodging        | 2 3 4 |  4.6
Fighting       | 1 2 3 4 5 6 |  6.3
Armour         | 1 2 3 4 |  4.0
Conjurations   | 2 3 4 |  4.5
Summonings     | 2 3 4 |  4.6
Spellcasting   | 4 5 6 |  6.7
Stealth        | |  1.7

Action                   |  1- 3 |  4- 6 |  7- 9 || total
-------------------------+-------+-------+-------++-------
Melee: Dagger            |    37 |       |       ||    37
       Headbutt          |     3 |     9 |    35 ||    47
       Touch             |     3 |     6 |       ||     9
       Flail             |       |    26 |       ||    26
       Quarterstaff      |       |    20 |   147 ||   167
       Tailslap          |       |       |    19 ||    19
 Cast: Magic Dart        |    69 |    34 |    53 ||   156
       Call Imp          |     2 |     6 |    13 ||    21
       Mephitic Cloud    |       |       |    15 ||    15
 Stab: Sleeping          |     1 |       |     2 ||     3
       Confused          |       |     3 |    11 ||    14
Armor: Robe              |     4 |    14 |     3 ||    21
       Leather armour    |       |       |    34 ||    34
Dodge: Dodged            |    31 |    50 |    95 ||   176
